 Dungeon Crawl Stone Soup version 0.28-a0-1505-g8c907de6ad (webtiles) character file.

Game seed: 2181731341116287786

35 kae the Insei (level 3, 0/26 HPs)
             Began as a Demonspawn Transmuter on Jan 13, 2022.
             Succumbed to an adder's poison
             ... on level 2 of the Dungeon.
             The game lasted 00:00:53 (1755 turns).

kae the Insei (Demonspawn Transmuter)               Turns: 1755, Time: 00:00:54

Health: 0/26       AC:  2    Str: 10    XL:     3   Next: 17%
Magic:  5/6        EV: 12    Int: 16    God:
Gold:   97         SH:  0    Dex: 15    Spells: 2/6 levels left

rFire   . . .      SeeInvis .     - Unarmed
rCold   . . .      Faith    .   (no shield)
rNeg    . . .      Spirit   .   a - +0 robe
rPois   .          Reflect  .   (helmet currently unavailable)
rElec   .          Harm     .   (no cloak)
rCorr   .          Rampage  .   (no gloves)
Will    .....                   (boots currently unavailable)
Stlth   ++........              (no amulet)
HPRegen 0.08/turn               (no ring)
MPRegen 0.10/turn               (no ring)

@: lethally poisoned (0 -> -5), appendages, hasted, very quick
A: horns 2, talons 2, thin skeletal structure 1, foul stench 1
a: End Transformation


You were on level 2 of the Dungeon.
You had temporarily grown beastly horns and talons.
You visited 1 branch of the dungeon, and saw 2 of its levels.

You collected 97 gold pieces.

Inventory:

Armour
 a - a +0 robe (worn)
Scrolls
 b - 2 scrolls of amnesia
 c - a scroll of identify
 d - a scroll of immolation {unknown}


   Skills:
 + Level 1.4 Fighting
 + Level 2.0 Dodging
 * Level 3.1 Unarmed Combat
 + Level 2.1 Spellcasting
 * Level 2.4 Transmutations


You had 2 spell levels left.
You knew the following spells:

 Your Spells              Type           Power      Damage    Failure   Level
a - Beastly Appendage     Tmut           18%        N/A       8%          1
b - Spider Form           Tmut/Pois      5%         N/A       36%         3

Your spell library contained the following spells:

 Spells                   Type           Power      Damage    Failure   Level
 Wereblood                Tmut           9%         N/A       12%         2
 Static Discharge         Conj/Air       1%         N/A       30%         2
 Ice Form                 Ice/Tmut       5%         N/A       77%         4
 Lightning Bolt           Conj/Air       0%         1d11      99%         5
 Maxwell's Capacitive Co  Air            0%         ∞         100%        8


Dungeon Overview and Level Annotations

Branches:
Dungeon (2/15)

Altars:


Innate Abilities, Weirdness & Mutations

You have temporarily grown beastly horns and talons.
You have a somewhat thin skeletal structure. (Dex +2, Stealth+)
You may rarely emit foul miasma when damaged in melee.


Message History

The adder hisses angrily.
Your kick misses the quokka. Your headbutt misses the quokka.
You hear an angry hiss.
The quokka is engulfed in dark miasma.
The quokka is poisoned.
The quokka seems to slow down.
You kill the quokka!
There are monsters nearby!
There are monsters nearby!
Casting: Beastly Appendage (safe; 8% risk of failure)
Confirm with . or Enter, or press ? or * to list all spells.
You extend your transformation's duration.
The adder closely misses you.
You hit the adder but do no damage. Your kick misses the adder.
The adder bites you.
You are poisoned.
The adder poisons you!
You hit the adder. You claw the adder.
The adder is moderately wounded.
You feel sick. The adder bites you but does no damage. The adder bites you.
You are more poisoned.
The adder poisons you! The adder bites you.
There is a lethal amount of poison in your body!
You are too injured to fight recklessly!
You are too injured to fight recklessly!
You are too injured to fight recklessly!
You are too injured to fight recklessly!
You feel sick.
You feel yourself speed up.
* * * LOW HITPOINT WARNING * * *
You feel sick. The adder bites you.
* * * LOW HITPOINT WARNING * * *
* * * LOW HITPOINT WARNING * * *
You feel sick.
* * * LOW HITPOINT WARNING * * *
You feel sick.
Things that are here:
a +0 club; a goblin corpse; a hobgoblin corpse
* * * LOW HITPOINT WARNING * * *
You feel sick.
You die...

.................#. ...#
.....).........#.#.#...# # #
#####.†................#.#.#
#)##########.#.........# #.#
#.#..#†...# ###.# #.#.....#
#<..# #.#.S#.>..#
##############.##.####.#
###...........##@.S.......#
..................#........
##.......####.###.#########
#......)# #.# #.# #.......#
#†# #.# #.......# #.# #.#
#.......# #.# #.# #.......#
#.# #.# #.......# #.. ..


You could see an adder.

Vanquished Creatures
  A dart slug (D:2)
  3 ball pythons
  An endoplasm (D:1)
  A giant cockroach (D:1)
  4 goblins
  2 hobgoblins (D:2)
  2 jackals (D:2)
  3 kobolds
  2 quokkas (D:2)
  3 bats
  A frilled lizard (D:2)
  7 rats
30 creatures vanquished.

Notes
Turn   | Place    | Note
-------+----------+-------------------------------------------
     0 | D:1      | kae the Demonspawn Transmuter began the quest for the Orb.
     0 | D:1      | Reached XP level 1. HP: 15/15 MP: 3/3
   639 | D:1      | Gained mutation: You have a somewhat thin skeletal
                  | structure. (Dex +2, Stealth+) [demonic ancestry]
   639 | D:1      | Reached XP level 2. HP: 15/21 MP: 3/5
  1188 | D:2      | Reached skill level 3 in Unarmed Combat
  1524 | D:2      | Gained mutation: You may rarely emit foul miasma when
                  | damaged in melee. [demonic ancestry]
  1524 | D:2      | Reached XP level 3. HP: 26/26 MP: 4/6
  1528 | D:2      | Learned a level 3 spell: Spider Form
  1754 | D:2      | HP: 1/26 [poisoned by an adder]
  1755 | D:2      | Succumbed to an adder's poison

Illustrated notes

Levels and vault maps discovered:
D:1:      moated_graveyard_arrival, layout_basic, minmay_distorted
D:2:      layout_basic

Skill      XL: |  1  2 |
---------------+-------+-----
Transmutations | 2 |  2.4
Unarmed Combat | 3 |  3.1
Dodging        | 2 |  2.0
Fighting       | |  1.4
Spellcasting   | |  2.1

Action                   || total
-------------------------++-------
Melee: Unarmed           ||    75
       Kick              ||    12
       Headbutt          ||     8
       Punch             ||     2
 Cast: Beastly Appendage ||    17
  Use: Scroll            ||     3
       Potion            ||     1
 Stab: Sleeping          ||     3
Armor: Robe              ||    11
Dodge: Dodged            ||    52

Table legend: (Time is in decaauts)
 A = Elapsed time spent in this place.
 B = Non-inter-level travel time spent in this place.
 C = Inter-level travel time spent in this place.
 D = Time resting spent in this place.
 E = Time spent auto-exploring this place.
 F = Levels seen in this place.
 G = Mean time per level.
                   A        B        C        D        E       F      G
               +--------+--------+--------+--------+--------+-----+--------+
         Total |   1749 |   1710 |     39 |      0 |   1500 |   2 |  874.5 |
       Dungeon |   1749 |   1710 |     39 |      0 |   1500 |   2 |  874.5 |
               +--------+--------+--------+--------+--------+-----+--------+

Top non-repeatable levels by time:
     D:1: 1169 daAuts
     D:2: 579 daAuts
